 Dungeon Crawl Stone Soup version 0.30.0-19-g36f170ea60 (webtiles) character file.

Game seed: 7811959542459243436

3222 wingedge the Summoner (level 10, -6/75 HPs)
             Began as a Human Wanderer on May 31, 2023.
             Was an Initiate of Vehumet.
             Mangled by an orc warlord
             ... wielding a +3 broad axe
              (21 damage)
             ... in a bailey.
             The game lasted 00:41:06 (9446 turns).

wingedge the Summoner (Human Wanderer)              Turns: 9446, Time: 00:41:07

Health: -6/75      AC:  8    Str: 11    XL:     10   Next: 18%
Magic:  1/16       EV: 11    Int: 14    God:    Vehumet [......]
Gold:   153        SH:  5    Dex: 17    Spells: 13/17 levels left

rFire   + . .        a - +5 flail (venom)
rCold   x . .        j - +0 buckler
rNeg    . . .        g - +0 ring mail
rPois   .            (no helmet)
rElec   .            i - +0 cloak
rCorr   .            (no gloves)
SInv    .            T - +0 pair of boots
Will    .....        (no amulet)
Stlth   +            S - ring of wizardry
HPRegen 0.32/turn    q - ring of fire
MPRegen 0.15/turn

%: wizardry (x1)
@: invisible
A: no striking features
a: Renounce Religion


You were in a bailey.
You worshipped Vehumet.
Vehumet was noncommittal.
You visited 2 branches of the dungeon, and saw 8 of its levels.
You also visited: Bailey.

You collected 281 gold pieces.
You spent 128 gold pieces at shops.

Inventory:

Hand Weapons
 a - a +5 flail of venom (weapon)
 b - a +4 spectral club
 m - a +0 quarterstaff
 n - a +0 sling
 z - a +2 short sword of venom
Missiles
 p - 6 javelins (quivered)
 w - 2 poisoned darts
 K - 5 atropa-tipped darts
Armour
 e - a +0 robe
 g - a +0 ring mail (worn)
 i - a +0 cloak (worn)
 j - a +0 buckler (worn)
 v - a +0 chain mail
 R - a +0 robe of willpower
 T - a +0 pair of boots (worn)
Jewellery
 k - a ring of protection from cold
 q - a ring of fire (right hand)
 L - a ring of see invisible
 O - a ring of ice
 S - a ring of wizardry (left hand)
Wands
 D - a wand of charming (4)
 N - a wand of flame (10)
Scrolls
 c - 4 scrolls of fog
 d - a scroll of silence
 h - a scroll of blinking {unknown}
 l - a scroll of amnesia
 o - 2 scrolls of enchant weapon {unknown}
 u - a scroll of immolation
 x - a scroll of vulnerability {unknown}
 y - a scroll of torment {unknown}
 E - a scroll of brand weapon {unknown}
 G - 2 scrolls of teleportation
 H - 2 scrolls of magic mapping {unknown}
 J - a scroll of enchant armour {unknown}
Potions
 f - 3 potions of flight
 r - 4 potions of mutation
 s - 3 potions of attraction
 t - 2 potions of haste
 A - 2 potions of curing
 B - 2 potions of lignification {unknown}
 C - a potion of magic {unknown}
 I - 4 potions of brilliance {unknown}
 M - a potion of ambrosia {unknown}
 Q - a potion of berserk rage {unknown}


   Skills:
 + Level 5.6 Fighting
 + Level 0.2(1.2) Maces & Flails
 - Level 2.0 Staves
 - Level 5.0 Armour
 + Level 3.2 Dodging
 + Level 2.3 Shields
 + Level 4.1 Spellcasting
 + Level 4.8 Conjurations
 - Level 8.0 Summonings
 + Level 4.7 Fire Magic
 - Level 1.0 Evocations


You had 13 spell levels left.
You knew the following spells:

 Your Spells              Type           Power      Damage    Failure   Level
a - Call Canine Familiar  Summ           25%        N/A       2%          3
b - Foxfire               Conj/Fire      96%        2x1d8     3%          1

Your spell library contained the following spells:

 Spells                   Type           Power      Damage    Failure   Level
 Cigotuvi's Dreadful Rot  Necr/Pois/Air  4%         N/A       34%         2
 Ignite Poison            Fire/Tmut/Pois 10%        N/A       34%         3
 Portal Projectile        Hex/Tloc       4%         N/A       56%         3
 Fireball                 Conj/Fire      12%        3d7       65%         5
 Cause Fear               Hex            1%         N/A       91%         4
 Dispel Undead            Necr           2%         3d7       91%         4
 Leda's Liquefaction      Hex/Erth       1%         N/A       91%         4
 Freezing Cloud           Conj/Ice/Air   3%         6-21      96%         5
 Starburst                Conj/Fire      12%        6d5       99%         6
 Death Channel            Necr           1%         N/A       100%        6
 Plasma Beam              Fire/Air       7%         2x1d19    100%        6
 Dragon Form              Tmut           1%         N/A       100%        7
 Dragon's Call            Summ           12%        N/A       100%        9


Dungeon Overview and Level Annotations

Branches:
Dungeon (7/15)             Temple (1/1) D:6          Bailey (1/1)

Altars:
Ashenzari
Dithmenos
Elyvilon
Fedhas
Gozag
Nemelex Xobeh
Sif Muna
Uskayaw
Vehumet
Wu Jian
Xom
Yredelemnul
Zin
The Shining One

Shops:
D:4 (*=


Message History

The orc warlord is severely wounded.
The foxfire hits the orc warlord but does no damage.
The orc warlord is severely wounded.
The foxfire hits the orc warlord but does no damage.
The orc warlord is severely wounded.
The orc warlord is engulfed in a cloud of scalding steam.
The orc warlord completely misses you.
Aiming: Throw Flame
Press: ? - help, Shift-Dir - straight line, f/p - orc warlord
Aim: an orc warlord, wielding a +3 broad axe and wearing a +0 chain mail (severely wounded, unable to see you, 77% to hit)
The puff of flame hits the orc warlord but does no damage.
The orc warlord is severely wounded.
The orc warlord is engulfed in a cloud of scalding steam.
The orc warlord splashes around in the water.
Aiming: Throw Flame
Press: ? - help, Shift-Dir - straight line, f/p - orc warlord
Aim: an orc warlord, wielding a +3 broad axe and wearing a +0 chain mail (steam, severely wounded, unable to see you, 77% to hit)
The puff of flame misses the orc warlord.
The orc warlord is engulfed in a cloud of scalding steam.
The orc warlord splashes around in the water.
Aiming: Throw Flame
Press: ? - help, Shift-Dir - straight line, f/p - orc warlord
Aim: an orc warlord, wielding a +3 broad axe and wearing a +0 chain mail (severely wounded, unable to see you, 77% to hit)
The puff of flame hits the orc warlord but does no damage.
The orc warlord is severely wounded.
The orc warlord hits you with a +3 broad axe!
Aiming: Throw Flame
Press: ? - help, Shift-Dir - straight line, f/p - orc warlord
Aim: an orc warlord, wielding a +3 broad axe and wearing a +0 chain mail (steam, severely wounded, unable to see you, 77% to hit)
The puff of flame misses the orc warlord.
The orc warlord is engulfed in a cloud of scalding steam.
The orc warlord hits you with a +3 broad axe!!
* * * LOW HITPOINT WARNING * * *
The orc warlord is engulfed in a cloud of scalding steam.
Okay, then.
As you read the scroll of fear, it crumbles to dust.
You assume a fearsome visage.
The orc warlord resists with almost no effort.
The orc warlord hits you with a +3 broad axe!!
You die...

##....(#~~#~. .) #.....##..
##......####~~ ~ ##......##≈
#...8...(..#########........#≈
#........))'.))..'....8..8..#≈
#..........#§~(~~#..........#
##..8..8...#~~~~~#.........##
##.......##§~~~~##...8...##
##.....##.o.....##.....##
##...##...@.....##...##
#####♣♣♣.....♣♣♣##### ♣♣♣∩♣♣♣
♣♣♣


You could see an orc warlord (unable to see you).

Vanquished Creatures
  Sigmund (D:6)
  Edmund (D:6)
  3 orc warriors (Bailey)
  A sky beast (D:6)
  A black bear (D:3)
  A centaur (D:6)
  3 ogres
  A lemure (D:6)
  6 scorpions
  3 electric eels (D:5)
  Crazy Yiuf (D:3)
  An orc priest (D:5)
  7 hounds
  2 jellies (D:6)
  A sleepcap (D:5)
  Jessica (D:2)
  2 iguanas (D:6)
  Natasha (D:4)
  An orc wizard (D:4)
  6 adders
  7 gnolls
  A white imp (D:4)
  3 dart slugs (D:3)
  2 worms (D:2)
  10 orcs
  11 bats
  3 endoplasms
  3 giant cockroaches
  12 goblins
  7 hobgoblins
  A jackal (D:3)
  6 quokkas
  12 ball pythons
  3 frilled lizards
  8 kobolds
  3 rats
136 creatures vanquished.

Vanquished Creatures (collateral kills)
  Pikel (D:6)
  An ice beast (D:7)
  An ogre (D:6)
  A lemure (D:6)
  4 hounds
  A jelly (D:6)
  An orc priest (D:5)
  Natasha (twice) (D:4)
  An orc wizard (D:5)
  Robin (D:4)
  4 gnolls
  An adder (D:5)
  5 orcs (D:5)
  An endoplasm (D:4)
  6 goblins
  A hobgoblin (D:4)
  A quokka (D:4)
  4 kobolds (Bailey)
37 creatures vanquished.

Vanquished Creatures (others)
  221 foxfires
221 creatures vanquished.

Grand Total: 394 creatures vanquished

Notes
Turn   | Place    | Note
-------+----------+-------------------------------------------
     0 | D:1      | wingedge the Human Wanderer began the quest for the Orb.
     0 | D:1      | wingedge set off with the following items: a +0
                  | quarterstaff, a +0 chain mail, a scroll of fog, a scroll of
                  | silence.
     0 | D:1      | Reached XP level 1. HP: 16/16 MP: 1/1
    88 | D:1      | Reached XP level 2. HP: 23/23 MP: 2/2
   292 | D:1      | Found a faded altar of an unknown god.
   570 | D:2      | Noticed Jessica
   580 | D:1      | Reached XP level 3. HP: 24/28 MP: 3/3
   839 | D:2      | Reached skill level 1 in Summonings
   942 | D:2      | Reached skill level 1 in Spellcasting
  1110 | D:2      | Killed Jessica
  1111 | D:2      | Reached XP level 4. HP: 16/35 MP: 4/6
  1273 | D:2      | Reached skill level 2 in Summonings
  1588 | D:3      | Found a runed translucent door.
  1589 | D:3      | Noticed Crazy Yiuf
  1651 | D:3      | Reached XP level 5. HP: 38/41 MP: 6/8
  1911 | D:3      | Reached skill level 3 in Summonings
  2190 | D:3      | Noticed a black bear
  2197 | D:3      | Killed a black bear
  2198 | D:3      | Reached skill level 4 in Summonings
  2198 | D:3      | Reached XP level 6. HP: 41/47 MP: 9/9
  2499 | D:3      | Learned a level 3 spell: Call Canine Familiar
  2681 | D:4      | Found Giol's Jewellery Shop.
  2776 | D:4      | Reached skill level 5 in Summonings
  2783 | D:4      | Noticed an ogre
  2936 | D:4      | Found Sohul's Assorted Antiques.
  2974 | D:4      | Noticed Robin
  2985 | D:4      | Killed Robin
  3059 | D:4      | Bought an orange potion for 19 gold pieces
  3059 | D:4      | Bought a black potion for 19 gold pieces
  3129 | D:4      | Reached XP level 7. HP: 51/52 MP: 8/10
  3139 | D:4      | Found a broken altar of Ashenzari.
  3157 | D:4      | Reached skill level 1 in Shields
  3268 | D:4      | Found Likank's Weapon Shop.
  3307 | D:4      | Noticed Natasha
  3325 | D:4      | Killed Natasha
  3346 | D:4      | Reached skill level 6 in Summonings
  3717 | D:4      | Learned a level 1 spell: Foxfire
  3928 | D:5      | Entered Level 5 of the Dungeon
  4002 | D:4      | Noticed Natasha
  4014 | D:4      | Killed Natasha
  4211 | D:4      | Noticed Natasha
  4222 | D:4      | Killed Natasha
  4285 | D:5      | Reached skill level 1 in Fire Magic
  4308 | D:5      | Reached skill level 1 in Conjurations
  4337 | D:5      | Reached XP level 8. HP: 53/58 MP: 11/11
  5217 | D:5      | Found a transporter.
  5234 | D:5      | Found a transporter.
  6090 | D:3      | Killed Crazy Yiuf
  6642 | D:6      | Reached skill level 7 in Summonings
  6642 | D:6      | Reached XP level 9. HP: 58/65 MP: 6/14
  6764 | D:6      | Reached skill level 1 in Dodging
  7028 | D:6      | Noticed Edmund
  7197 | D:6      | Killed Edmund
  7672 | D:6      | Found Zin's Purification Station.
  7674 | D:6      | Found a glowing silver altar of Zin.
  7681 | D:6      | Bought a potion of curing for 90 gold pieces
  7953 | D:6      | Found a staircase to the Ecumenical Temple.
  7962 | Temple   | Entered the Ecumenical Temple
  8040 | Temple   | Became a worshipper of Vehumet
  8090 | D:6      | Noticed Sigmund
  8098 | D:6      | Killed Sigmund
  8177 | D:6      | Found a hide-covered altar of Uskayaw.
  8225 | D:6      | Noticed Pikel
  8238 | D:6      | Killed Pikel
  8239 | D:6      | Reached skill level 5 in Fighting
  8380 | D:6      | Reached XP level 10. HP: 74/74 MP: 10/16
  8864 | D:7      | Found a flagged portal.
  8877 | Bailey   | Entered a bailey
  8893 | Bailey   | Noticed an orc warlord
  9145 | Bailey   | Found a runed translucent gate.
  9148 | Bailey   | Found a runed translucent gate.
  9149 | Bailey   | Found a runed translucent gate.
  9165 | Bailey   | Reached skill level 8 in Summonings
  9446 | Bailey   | Mangled by an orc warlord

Illustrated notes

Levels and vault maps discovered:
D:1:      dpeg_arrival_rooms_a, layout_basic,
          chequers_ecumenical_altar_simple_redux
D:2:      layout_loops_ring, uniq_jessica
D:3:      layout_basic, minmay_guardbox, uniq_crazy_yiuf_cottage
D:4:      layout_loops_corners, evilmike_ruin_ashenzari, serial_shops,
          nicolae_shop_tiny_waterfront, shop, shop, uniq_natasha, uniq_robin
D:5:      gammafunk_steamed_eel, layout_basic
D:6:      layout_gridville, nicolae_uskayaw_suspiria, zin_purify,
          minmay_temple_entry_large_hall, minmay_pentangle, uniq_sigmund,
          uniq_edmund, uniq_pikel
D:7:      layout_gridville, slow_altar_1, gammafunk_temple_overflow_forgotten,
          nicolae_ru_awakened_eye, enter_bailey_7, serial_bayou,
          serial_bayou_crossing, serial_bayou_shore_b, serial_bayou_shore_b,
          serial_bayou_pond_a
Temple:   nicolae_temple_bog_church
Bailey:   bailey_axe_bossmonster_kennysheep, bailey

Skill      XL: |  1  2  3  4  5  6  7  8  9 10 |
---------------+-------------------------------+-----
Fighting       | 3 4 5 |  5.6
Summonings     | 1 2 4 5 6 7 8 |  8.0
Spellcasting   | 1 2 3 4 |  4.1
Shields        | 2 |  2.3
Fire Magic     | 1 2 4 |  4.7
Conjurations   | 1 2 4 |  4.8
Dodging        | 3 |  3.2
Maces & Flails | |  0.2
Staves         | |  2.0
Armour         | |  5.0
Evocations     | |  1.0

Action                     |  1- 3 |  4- 6 |  7- 9 | 10-12 || total
---------------------------+-------+-------+-------+-------++-------
  Melee: Quarterstaff      |    86 |     5 |       |       ||    91
         Club              |       |    88 |    75 |       ||   163
         Flail             |       |       |    16 |    14 ||    30
  Throw: Javelin           |       |     6 |       |       ||     6
         Dart              |       |     2 |     4 |     1 ||     7
   Cast: Call Canine Famil |       |     3 |    52 |    15 ||    70
         Foxfire           |       |       |    77 |    45 ||   122
  Evoke: Wand              |       |       |     3 |     5 ||     8
    Use: Scroll            |       |       |     4 |     6 ||    10
         Potion            |       |       |     2 |     1 ||     3
   Stab: Distracted        |       |     1 |     4 |       ||     5
 Armour: Chain mail        |    65 |    66 |       |       ||   131
         Robe              |       |     2 |    10 |     1 ||    13
         Ring mail         |       |       |       |     6 ||     6
  Dodge: Dodged            |    21 |    27 |    47 |    11 ||   106
  Block: Buckler           |       |    16 |    13 |     3 ||    32
